 Dungeon Crawl Stone Soup version 0.31-a0-557-g6e16503903 (webtiles) character file.

Game seed: 9083422430789804386

1036 Newt the Changeling (level 8, 0/63 HPs)
             Began as a Yellow Draconian Shapeshifter on Aug 16, 2023.
             Slain by an orc warrior
             ... wielding a +0 flail
              (7 damage)
             ... on level 5 of the Dungeon.
             The game lasted 00:06:45 (3616 turns).

Newt the Changeling (Yellow Draconian Shapeshifter) Turns: 3616, Time: 00:06:45

Health: 0/63       AC:  6    Str: 19    XL:     8   Next: 4%
Magic:  8/8        EV: 17    Int: 10    God:
Gold:   146        SH:  0    Dex: 11    Spells: 7/7 levels left

rFire   . . .        l - +6 falchion (holy)
rCold   . . .        (no shield)
rNeg    . . .        (body armour unavailable)
rPois   .            (helmet currently unavailable)
rElec   .            (cloak currently unavailable)
rCorr   +            (gloves currently unavailable)
SInv    .            (boots currently unavailable)
Will    .....        (no amulet)
Stlth   +            d - +5 ring of evasion
HPRegen 0.30/turn    (no ring)
MPRegen 0.11/turn

%: no passive effects
@: beast-form
A: beast (slay +4), spit acid, AC +6, unfitting armour, cold-blooded, acid
resistance
a: Breathe Acid, Begin Untransformation


You were on level 5 of the Dungeon.
You were a hulking beast.
You visited 1 branch of the dungeon, and saw 5 of its levels.

You collected 345 gold pieces.
You spent 199 gold pieces at shops.

Inventory:

Hand Weapons
 e - a +0 club
 g - a +1 whip of electrocution
 l - a +6 falchion of holy wrath (weapon)
Armour
 u - a +0 scale mail
Jewellery
 d - a +5 ring of evasion (left hand)
 f - a ring of ice
Talismans
 b - a beast talisman (active)
 c - a flux talisman
Scrolls
 j - a scroll of blinking
 n - a scroll of teleportation
 o - a scroll of immolation
 q - a scroll of silence {unknown}
 s - a scroll of poison {unknown}
Potions
 a - a potion of lignification
 h - a potion of brilliance
 k - 2 potions of magic
 m - a potion of haste
 p - 2 potions of mutation {unknown}
 r - 3 potions of curing {unknown}


   Skills:
 - Level 3.0 Fighting
 + Level 4.8 Long Blades
 - Level 3.0 Maces & Flails
 - Level 2.7 Dodging
 - Level 3.0 Unarmed Combat
 - Level 6.0 Shapeshifting


You had 7 spell levels left.
You didn't know any spells.
Your spell library contained the following spells:

 Spells                   Type           Power      Damage    Failure   Level
 Blink                    Tloc           0%         N/A       50%         2
 Lesser Beckoning         Tloc           0%         N/A       50%         2
 Momentum Strike          Conj/Tloc      0%         3d8       50%         2


Dungeon Overview and Level Annotations

Branches:
Dungeon (5/15)
 Temple: D:4-7

Altars:
Dithmenos

Shops:
D:4 *[*(   D:5 (

Portals:
Ossuary: D:5

Annotations:
D:5 3 runed translucent doors, Palms's ghost, amateur OpSh


Innate Abilities, Weirdness & Mutations

You are a hulking beast.
Your limbs bulge with bestial killing power. (Slay +4)
You can spit globs of acid.
Your golden yellow scales are hard. (AC +6)
You cannot fit into any form of body armour.
You are cold-blooded and may be slowed by cold attacks.
You are resistant to acid. (rCorr)


Message History

The orc barely misses you. The orc hits you with a +0 flail.
The orc warrior unwields a +0 arbalest.
The orc warrior wields a +0 flail.
The orc warrior hits you with a +0 flail!
You are too injured to fight recklessly!
You are too injured to fight recklessly!
Unknown command.
You are too injured to fight recklessly!
You closely miss the orc warrior.
Your tail-slap misses the orc warrior.
The orc hits you with a +0 short sword. The orc misses you.
The orc warrior misses you.
Unknown command.
You slash the orc warrior!
You tail-slap the orc warrior, but do no damage.
The orc warrior is heavily wounded.
The orc completely misses you. The orc closely misses you.
The orc warrior hits you with a +0 flail!
* * * LOW HITPOINT WARNING * * *
Unknown command.
You feel much better. The orc misses you. The orc hits you but does no damage.
The orc warrior closely misses you.
Unknown command.
Okay, then.
You barely miss the orc. You tail-slap the orc.
The orc is heavily wounded.
The orc completely misses you. The orc closely misses you.
The orc warrior hits you with a +0 flail.
Unknown command.
You slash the orc!
You kill the orc!
The orc barely misses you. The orc warrior closely misses you.
Unknown command.
You barely miss the orc. The orc closely misses you.
The orc warrior hits you with a +0 flail!
* * * LOW HITPOINT WARNING * * *
Unknown command.
You barely miss the orc. You punch the orc, but do no damage.
The orc hits you with a +0 flail.
* * * LOW HITPOINT WARNING * * *
The orc warrior hits you with a +0 flail!
You die...

..................########....
#.............###...........
#...............###########
#........######## #....#####
#### ###.## ##...## #..#
##......# ##.# ###)o......
#.###..ho......
##.#...))...... #.............
#............. #....[.........
##............. #
##............ # ####.........
# ###...


You could see an orc warrior and an orc.

Vanquished Creatures
  Eustachio (D:4)
  3 ogres
  A centaur (D:5)
  A howler monkey (D:5)
  A jelly (D:5)
  A sleepcap (D:5)
  Natasha (thrice) (D:3)
  Terence (D:3)
  3 iguanas (D:5)
  2 orc wizards (D:5)
  Robin (D:3)
  4 gnolls
  7 adders
  A white imp (D:5)
  2 dart slugs
  15 orcs
  8 endoplasms
  15 goblins
  14 hobgoblins
  6 kobolds
  3 quokkas
  11 ball pythons
  6 bats
  4 frilled lizards
  8 rats
122 creatures vanquished.

Notes
Turn   | Place    | Note
-------+----------+-------------------------------------------
     0 | D:1      | Newt the Draconian Shapeshifter began the quest for the
                  | Orb.
     0 | D:1      | Reached XP level 1. HP: 16/16 MP: 1/1
   158 | D:1      | Reached XP level 2. HP: 24/25 MP: 2/2
   511 | D:1      | Reached XP level 3. HP: 31/31 MP: 3/3
   923 | D:1      | Reached XP level 4. HP: 17/38 MP: 4/4
  1157 | D:2      | Reached skill level 4 in Shapeshifting
  1741 | D:3      | Noticed Natasha
  1751 | D:3      | Killed Natasha
  1752 | D:3      | Reached XP level 5. HP: 29/45 MP: 5/5
  1776 | D:3      | Noticed Natasha
  1780 | D:3      | Killed Natasha
  1817 | D:3      | Noticed Natasha
  1817 | D:3      | Noticed an ogre
  1833 | D:3      | Killed Natasha
  1834 | D:3      | Reached skill level 5 in Shapeshifting
  1872 | D:3      | Killed an ogre
  1873 | D:3      | Reached XP level 6. HP: 42/51 MP: 6/6
  1920 | D:3      | Noticed Robin
  1927 | D:3      | Killed Robin
  2078 | D:3      | Noticed Terence
  2085 | D:3      | Killed Terence
  2434 | D:4      | Noticed Eustachio
  2438 | D:4      | Reached skill level 6 in Shapeshifting
  2456 | D:4      | Killed Eustachio
  2457 | D:4      | Your scales start taking on a golden yellow colour.
  2457 | D:4      | Reached XP level 7. HP: 20/57 MP: 7/7
  2457 | D:4      | Gained mutation: You are resistant to acid. (rCorr) [Yellow
                  | Draconian growth]
  2842 | D:4      | Found Vasudel's Assorted Antiques.
  2842 | D:4      | Found Xaichy Guza's Assorted Antiques.
  2848 | D:4      | Found Wutewomo's Weapon Emporium.
  2850 | D:4      | Bought a scroll labelled COC QALUBBESMO for 32 gold pieces
  2850 | D:4      | Bought a scroll labelled USKAUN BYONOI for 32 gold pieces
  2851 | D:4      | Found Ixkitsa's Antique Armour Emporium.
  2867 | D:4      | Bought a scale mail for 108 gold pieces
  2867 | D:4      | Bought a scroll labelled JAAHEE JOULIRO for 27 gold pieces
  2946 | D:5      | Entered Level 5 of the Dungeon
  2956 | D:5      | Reached skill level 1 in Long Blades
  3025 | D:5      | Found a shadowy altar of Dithmenos.
  3066 | D:5      | Found a runed translucent gate.
  3066 | D:5      | Found a runed translucent gate.
  3066 | D:5      | Found a runed translucent gate.
  3444 | D:5      | Reached XP level 8. HP: 58/63 MP: 8/8
  3447 | D:5      | Noticed Palms's ghost (amateur OpSh)
  3462 | D:5      | Found Pautir's Weapon Boutique.
  3490 | D:5      | Found a sand-covered staircase.
  3611 | D:5      | HP: 2/63 [orc warrior/+0 flail (17)]
  3616 | D:5      | Slain by an orc warrior

Illustrated notes

Levels and vault maps discovered:
D:1:      dpeg_arrival_pits, layout_basic, bh_walls_and_bars
D:2:      layout_basic, item_on_display_a
D:3:      layout_basic, uniq_robin, uniq_natasha, uniq_terence
D:4:      layout_rooms, minivault_14, minmay_shop_grid_forest, uniq_eustachio
D:5:      layout_cave_pods, amcnicky_altar_gilded, serial_shops,
          nicolae_shop_advertising_works [nicolae_subvault_shop_adworks],
          gammafunk_ghost_icy, nicolae_ossuary_entry_monument,
          serial_park_tiny_1, lightli_church_of_beogh

Skill      XL: |  1  2  3  4  5  6  7 |
---------------+----------------------+-----
Fighting       | 2 3 |  3.0
Shapeshifting  | 4 5 6 |  6.0
Maces & Flails | 3 |  3.0
Dodging        | 2 |  2.7
Long Blades    | 4 |  4.8
Unarmed Combat | |  3.0

Action                     |  1- 3 |  4- 6 |  7- 9 || total
---------------------------+-------+-------+-------++-------
  Melee: Unarmed           |    21 |       |       ||    21
         Tailslap          |    10 |    20 |     9 ||    39
         Club              |    31 |       |       ||    31
         Whip              |    35 |   156 |       ||   191
         Punch             |     1 |     3 |     2 ||     6
         Falchion          |       |       |    78 ||    78
    Use: Scroll            |     1 |     3 |     6 ||    10
         Potion            |       |       |     2 ||     2
   Stab: Sleeping          |       |     2 |       ||     2
 Armour: Skin              |    38 |    37 |    24 ||    99
  Dodge: Dodged            |    74 |   184 |    90 ||   348

Table legend: (Time is in decaauts)
 A = Elapsed time spent in this place.
 B = Non-inter-level travel time spent in this place.
 C = Inter-level travel time spent in this place.
 D = Time resting spent in this place.
 E = Time spent auto-exploring this place.
 F = Levels seen in this place.
 G = Mean time per level.
                   A        B        C        D        E       F      G
               +--------+--------+--------+--------+--------+-----+--------+
         Total |   3677 |   3510 |    167 |    342 |   2218 |   5 |  735.4 |
       Dungeon |   3677 |   3510 |    167 |    342 |   2218 |   5 |  735.4 |
               +--------+--------+--------+--------+--------+-----+--------+

Top non-repeatable levels by time:
     D:2: 881 daAuts
     D:1: 843 daAuts
     D:5: 679 daAuts
     D:3: 666 daAuts
     D:4: 605 daAuts
